 Dungeon Crawl Stone Soup version 0.28.0-45-g0d030f2227 (webtiles) character file.

Game seed: 15393317823035369763

12992 CryoSword the Protected (level 12, 0/94 HPs)
             Began as a Gnoll Wanderer on Apr 4, 2022.
             Was an Initiate of Gozag.
             Slain by a black mamba (12 damage)
             ... on level 1 of the Lair of Beasts.
             The game lasted 00:22:29 (14376 turns).

CryoSword the Protected (Gnoll Wanderer)           Turns: 14376, Time: 00:22:29

Health: 0/94       AC: 20    Str: 24    XL:     12   Next: 1%
Magic:  11/22      EV: 13    Int: 10    God:    Gozag
Gold:   939        SH:  0    Dex: 15    Spells: 22/24 levels left

rFire   . . .      SeeInvis .   w - +8 war axe of Kuudismoero {spect, rC+}
rCold   + . .      Faith    .   (no shield)
rNeg    . . .      Spirit   .   b - +2 scale mail
rPois   .          Reflect  .   A - +0 helmet
rElec   .          Harm     .   z - +2 cloak
rCorr   .          Rampage  .   N - +2 pair of gloves {infuse}
Will    .....                   y - +0 pair of boots
Stlth   ++........              (no amulet)
HPRegen 0.25/turn               J - +6 ring of strength
MPRegen 0.18/turn               K - ring "Reemuseu" {+Blink Fly Dex+3}

@: lethally poisoned (0 -> -3), gold aura, flying
A: fangs 1, strong nose, distributed training
a: Renounce Religion, Evoke Blink, Potion Petition, Call Merchant, Bribe Branch


You were on level 1 of the Lair of Beasts.
You worshipped Gozag.
Gozag was pleased with you.
You visited 3 branches of the dungeon, and saw 14 of its levels.

You collected 2638 gold pieces.
You spent 924 gold pieces at shops.
You paid 775 gold pieces to Gozag.

Inventory:

Hand Weapons
 a - a +0 scimitar of flaming
   (You took it off an orc warrior on level 9 of the Dungeon)
 w - the +8 war axe of Kuudismoero (weapon) {spect, rC+}
   (You took it off an orc on level 2 of the Dungeon)

   When its wielder attacks, the weapon's spirit leaps out and strikes again.
   The spirit shares a part of any damage it takes with its wielder.
   rC:        It protects you from cold.
Missiles
 d - 30 poisoned darts (quivered)
 i - 9 boomerangs
 j - 9 curare-tipped darts
 m - 107 stones
 x - a throwing net
Armour
 b - a +2 scale mail (worn)
 p - a +0 pair of gloves
   (You found it on level 5 of the Dungeon)
 y - a +0 pair of boots (worn)
   (You bought it in a shop on level 8 of the Dungeon)
 z - a +2 cloak (worn)
   (You bought it in a shop on level 8 of the Dungeon)
 A - a +0 helmet (worn)
   (You bought it in a shop on level 8 of the Dungeon)
 N - a +2 pair of gloves of infusion (worn)
   (You found it on level 11 of the Dungeon)
 O - a scarf of resistance
   (You found it on level 8 of the Dungeon)
Jewellery
 F - a ring of protection from fire
   (You found it on level 10 of the Dungeon)
 J - a +6 ring of strength (left hand)
   (You found it on level 11 of the Dungeon)
 K - the ring "Reemuseu" (right hand) {+Blink Fly Dex+3}
   (You bought it in a shop on level 11 of the Dungeon)

   [ring of flight]

   Dex:       It affects your dexterity (+3).
   Fly:       It grants you flight.
   +Blink:    It lets you blink.
Wands
 v - a wand of flame (26)
   (You found it on level 7 of the Dungeon)
 M - a wand of acid (8)
   (You found it on level 4 of the Dungeon)
Scrolls
 c - 6 scrolls of teleportation {@r4}
 f - a scroll of brand weapon
 g - a scroll of silence
 n - a scroll of noise {unknown}
 B - 3 scrolls of fog {unknown}
 C - 2 scrolls of enchant weapon {unknown}
 D - a scroll of torment {unknown}
 G - a scroll of fear {unknown}
 H - a scroll of magic mapping {unknown}
 I - a scroll of identify {@r1}
 L - a scroll of blinking {unknown}
Potions
 e - 6 potions of curing {@q1}
 h - 2 potions of heal wounds {@q2}
 k - 2 potions of haste {unknown}
 l - a potion of ambrosia {unknown}
 o - 2 potions of brilliance
 q - a potion of mutation {unknown}
 r - a potion of attraction {unknown}
 s - 5 potions of might
 t - a potion of lignification {unknown}
 u - 2 potions of cancellation
 E - 3 potions of berserk rage {unknown}


   Skills:
 + Level 8.3 Fighting
 + Level 6.8 Short Blades
 + Level 10.9 Long Blades
 + Level 6.8 Axes
 + Level 6.8 Maces & Flails
 + Level 6.8 Polearms
 + Level 6.8 Staves
 + Level 6.8 Slings
 + Level 6.8 Bows
 + Level 6.8 Crossbows
 + Level 6.8 Throwing
 + Level 10.9 Armour
 + Level 6.8 Dodging
 + Level 6.8 Stealth
 + Level 6.8 Shields
 + Level 6.8 Unarmed Combat
 + Level 6.8 Spellcasting
 + Level 5.6 Conjurations
 + Level 5.6 Hexes
 + Level 5.6 Summonings
 + Level 5.6 Necromancy
 + Level 5.6 Translocations
 + Level 5.6 Transmutations
 + Level 5.6 Fire Magic
 + Level 5.6 Ice Magic
 + Level 5.6 Air Magic
 + Level 5.6 Earth Magic
 + Level 5.6 Poison Magic
 + Level 7.5 Invocations
 + Level 6.8 Evocations


You had 22 spell levels left.
You knew the following spells:

 Your Spells              Type           Power      Damage    Failure   Level
a - Sandblast             Erth           28%        2d8       3%          1
A - Apportation           Tloc           28%        N/A       3%          1

Your spell library contained the following spells:

 Spells                   Type           Power      Damage    Failure   Level
 Passwall                 Tmut/Erth      11%        N/A       6%          2
 Call Canine Familiar     Summ           14%        N/A       12%         3
 Portal Projectile        Hex/Tloc       28%        N/A       12%         3
 Stone Arrow              Conj/Erth      28%        3d8       12%         3
 Leda's Liquefaction      Hex/Erth       7%         N/A       36%         4
 Alistair's Intoxication  Tmut/Pois      9%         N/A       71%         5
 Conjure Ball Lightning   Conj/Air       7%         3x3d6     99%         6
 Discord                  Hex            7%         N/A       100%        8
 Disjunction              Tloc           7%         N/A       100%        8


Dungeon Overview and Level Annotations

Branches:
Dungeon (11/15)            Temple (1/1) D:4            Lair (2/6) D:9
  Swamp: Lair:2-4    Shoals: Lair:2-4     Snake: Lair:2-4    Spider: Lair:2-4
    Orc: D:9-12

Altars:
Dithmenos
Gozag
Hepliaklqana
Qazlal
Uskayaw
Xom
Yredelemnul

Shops:
D:8 [   D:11 *


Innate Abilities, Weirdness & Mutations

You have very sharp teeth.
Your uncanny sense of smell can sniff out nearby items.
Your experience applies equally to all skills.


Message History

You see here 8 gold pieces.
You closely miss the wolf. You hit the wolf. x2
Your +8 war axe of Kuudismoero {spect, rC+} hits the wolf.
The wolf bites you but does no damage. The wolf bites you. x2
The wolf misses you. The wolf barely misses you. x2
You miss the wolf. Your bite misses the wolf. You hit the wolf.
You barely miss the wolf.
The wolf bites you but does no damage. x2
The wolf bites you.
A cane toad comes into view.
The wolf barely misses you. The wolf closely misses you.
The wolf barely misses your +8 war axe of Kuudismoero {spect, rC+}.
You slash the wolf!
You kill the wolf!
You slash the wolf! You hit the wolf.
Your +8 war axe of Kuudismoero {spect, rC+} hits the wolf!
You kill the wolf!
Your +8 war axe of Kuudismoero {spect, rC+} barely misses the black mamba.
The wolf closely misses you.
The black mamba bites you but does no damage.
The wolf is distracted by your dazzling golden aura.
The wolf bites you but does no damage.
You closely miss the wolf.
The wolf is no longer distracted by gold.
The wolf howls!
You bite the wolf, but do no damage. You closely miss the black mamba.
You hit the wolf.
Your +8 war axe of Kuudismoero {spect, rC+} hits the black mamba!
The black mamba is distracted by your dazzling golden aura.
The wolf barely misses you. The wolf bites you.
The giant cockroach is distracted by your dazzling golden aura.
The wolf is distracted by your dazzling golden aura.
The wolf closely misses you.
A scorpion comes into view.
The wolf completely misses you.
A worm comes into view.
The black mamba hisses angrily.
The wolf howls!
You hit the wolf. Your bite misses the wolf. You miss the wolf.
You hit the black mamba.
The black mamba is no longer distracted by gold.
The black mamba closely misses you. The wolf bites you.
The wolf bites you but does no damage.
The cane toad is distracted by your dazzling golden aura.
The scorpion is distracted by your dazzling golden aura.
The black mamba bites you!
The wolf is distracted by your dazzling golden aura.
The wolf closely misses you.
The wolf howls!
You are too injured to fight recklessly!
You are too injured to fight recklessly!
You are too injured to fight recklessly!
You are too injured to fight recklessly!
You are too injured to fight recklessly!
You are too injured to fight recklessly!
You are too injured to fight recklessly!
You are too injured to fight recklessly!
You are too injured to fight recklessly!
You are too injured to fight recklessly!
You are too injured to fight recklessly!
You are too injured to fight recklessly!
You are too injured to fight recklessly!
You are too injured to fight recklessly!
The cane toad gives a loud, deep croak!
You hear an angry hiss.
The giant cockroach is no longer distracted by gold.
The black mamba bites you.
A black mamba comes into view.
The giant cockroach is distracted by your dazzling golden aura.
The black mamba is distracted by your dazzling golden aura.
The wolf misses you.
The black mamba moves out of view.
There is a stone staircase leading up here.
The cane toad is no longer distracted by gold.
The wolf barely misses you.
You can't go up here!
You closely miss the wolf. Your bite misses the wolf.
You closely miss the cane toad.
Your +8 war axe of Kuudismoero {spect, rC+} hits the cane toad!
Your +8 war axe of Kuudismoero {spect, rC+} hits the wolf!
You kill the wolf!
The giant cockroach is no longer distracted by gold.
The wolf is no longer distracted by gold. x2
The black mamba barely misses your +8 war axe of Kuudismoero {spect, rC+}.
The wolf is distracted by your dazzling golden aura.
The cane toad barely misses you.
The black mamba bites your +8 war axe of Kuudismoero {spect, rC+}.
Your spectral weapon shares its damage with you!
You have reached level 12!
You feel stronger.
The cane toad is distracted by your dazzling golden aura.
The cane toad barely misses you. The wolf barely misses you.
The worm is distracted by your dazzling golden aura.
There is a stone staircase leading up here.
You see here 6 gold pieces.
The black mamba is no longer distracted by gold.
The black mamba bites you but does no damage.
The wolf bites you but does no damage.
The black mamba bites you but does no damage.
The black mamba is distracted by your dazzling golden aura.
The black mamba hisses angrily.
You fly upwards.
There is a stone staircase leading down here.
The black mamba misses you. The wolf bites you but does no damage.
The black mamba bites you but does no damage.
The black mamba bites you but does no damage.
The black mamba closely misses you. The wolf bites you but does no damage.
The black mamba bites you.
You are poisoned.
The black mamba poisons you! The wolf barely misses you.
You feel very sick. The black mamba closely misses you.
You slash the black mamba! You hit the wolf but do no damage.
Your +8 war axe of Kuudismoero {spect, rC+} hits the wolf!!
You kill the wolf!
You feel very sick.
The black mamba bites you but does no damage. x2
You miss the black mamba. You slash the cane toad!
Your +8 war axe of Kuudismoero {spect, rC+} closely misses the cane toad.
You feel very sick. The black mamba misses you.
The black mamba is distracted by your dazzling golden aura.
The cane toad barely misses you.
You strike the helpless black mamba from behind!
You slice the black mamba!!
The black mamba is no longer distracted by gold.
You hit the cane toad.
Your +8 war axe of Kuudismoero {spect, rC+} barely misses the cane toad.
You feel sick. The black mamba bites you!
* * * LOW HITPOINT WARNING * * *
The cane toad barely misses you. The black mamba closely misses you.
You completely miss the black mamba. Your bite misses the black mamba.
You closely miss the cane toad.
Your +8 war axe of Kuudismoero {spect, rC+} hits the cane toad!
Your +8 war axe of Kuudismoero {spect, rC+} misses the black mamba.
You feel sick. The black mamba bites you!
* * * LOW HITPOINT WARNING * * *
The cane toad stings you but does no damage.
The black mamba bites you!
* * * LOW HITPOINT WARNING * * *
The cane toad stings you but does no damage.
The black mamba bites you but does no damage.
You feel sick.
The cane toad is distracted by your dazzling golden aura.
You closely miss the black mamba.
Your +8 war axe of Kuudismoero {spect, rC+} misses the black mamba.
You feel sick.
The cane toad croaks.
The black mamba bites you!
* * * LOW HITPOINT WARNING * * *
The black mamba bites you!
You die...
Your body crumbles into a pile of gold.

.....####......## ##.# ....##
##......## ###.## ...##
#........#######.#..# ..##
#..................## .##
####.................#
.P####.##.................#
..........................##
..............ยง.(..........#
..............FS@..........#
...............###.#.##...##
...............# ######....#
.....#######...# #...##
.....## #...# ##...# ......#
#..># #P...# .....## #...##
##...## #....#
#...P#######(..P# #....#
#..............##


You could see a black mamba, a cane toad and a friendly +8 war axe of
Kuudismoero {spect, rC+} (summoned).

Vanquished Creatures
  2 hydras
  A two-headed ogre (D:9)
  Sonja (D:11)
  A black mamba (Lair:1)
  2 cane toads (Lair:1)
  3 blink frogs (Lair:1)
  A wraith (D:11)
  A wyvern (D:8)
  4 water elementals (D:10)
  14 yaks
  A shadow (D:11)
  A vampire (D:11)
  2 acid dragons (D:11)
  Edmund (D:5)
  3 water moccasins
  Pargi (D:4)
  2 ice beasts
  3 black bears
  3 orc warriors
  A sky beast (D:7)
  4 ogres
  2 centaurs
  5 wolves
  A phantom (D:6)
  A kobold brigand (D:11)
  2 gnoll sergeants
  6 bullfrogs
  A scorpion (D:6)
  2 water moccasin skeletons
  14 killer bees
  3 wights (D:7)
  2 howler monkeys
  4 centaur zombies
  2 bullfrog skeletons
  An orc priest (D:3)
  A gnoll shaman (D:5)
  3 jellies
  A centaur skeleton (D:4)
  An iguana (D:4)
  7 orc wizards
  A scorpion zombie (D:5)
  3 hound skeletons (D:4)
  A howler monkey zombie (D:8)
  13 gnolls
  12 adders
  A shadow imp (D:8)
  An ufetubus (D:6)
  3 worms
  3 dart slugs
  25 orcs
  19 endoplasms
  2 giant cockroaches
  6 goblins
  9 hobgoblins
  2 jackals (D:4)
  2 quokkas
  5 ball pythons
  7 bats
  4 frilled lizards
  18 kobolds
  5 rats
253 creatures vanquished.

Vanquished Creatures (others)
  3 fungi (D:2)
  4 plants (D:5)
  4 toadstools (D:2)
11 creatures vanquished.

Grand Total: 264 creatures vanquished

Notes
Turn   | Place    | Note
-------+----------+-------------------------------------------
     0 | D:1      | CryoSword the Gnoll Wanderer began the quest for the Orb.
     0 | D:1      | CryoSword set off with the following items: a +0 falchion,
                  | a +2 scale mail, a scroll of teleportation {@r4}
     0 | D:1      | Reached XP level 1. HP: 20/20 MP: 1/1
   237 | D:1      | Reached XP level 2. HP: 26/26 MP: 2/2
   660 | D:1      | Reached XP level 3. HP: 31/31 MP: 3/3
  1345 | D:2      | Found a faded altar of an unknown god.
  1352 | D:2      | Reached skill level 1 in Invocations
  1575 | D:2      | Reached skill level 1 in Short Blades
  1575 | D:2      | Reached skill level 1 in Axes
  1575 | D:2      | Reached skill level 1 in Maces & Flails
  1575 | D:2      | Reached skill level 1 in Polearms
  1575 | D:2      | Reached skill level 1 in Staves
  1575 | D:2      | Reached skill level 1 in Slings
  1575 | D:2      | Reached skill level 1 in Bows
  1575 | D:2      | Reached skill level 1 in Crossbows
  1575 | D:2      | Reached skill level 1 in Throwing
  1575 | D:2      | Reached skill level 1 in Dodging
  1575 | D:2      | Reached skill level 1 in Stealth
  1575 | D:2      | Reached skill level 1 in Shields
  1575 | D:2      | Reached skill level 1 in Unarmed Combat
  1575 | D:2      | Reached skill level 1 in Spellcasting
  1575 | D:2      | Reached skill level 1 in Evocations
  1622 | D:2      | Reached XP level 4. HP: 38/38 MP: 5/5
  1791 | D:2      | Identified the +8 war axe of Kuudismoero {spect, rC+}
  1993 | D:2      | Reached skill level 1 in Conjurations
  1993 | D:2      | Reached skill level 1 in Hexes
  1993 | D:2      | Reached skill level 1 in Summonings
  1993 | D:2      | Reached skill level 1 in Necromancy
  1993 | D:2      | Reached skill level 1 in Translocations
  1993 | D:2      | Reached skill level 1 in Transmutations
  1993 | D:2      | Reached skill level 1 in Fire Magic
  1993 | D:2      | Reached skill level 1 in Ice Magic
  1993 | D:2      | Reached skill level 1 in Air Magic
  1993 | D:2      | Reached skill level 1 in Earth Magic
  1993 | D:2      | Reached skill level 1 in Poison Magic
  1994 | D:2      | Reached XP level 5. HP: 35/43 MP: 6/6
  2290 | D:3      | Noticed an ice beast
  2294 | D:3      | Killed an ice beast
  2388 | D:3      | Reached XP level 6. HP: 50/50 MP: 8/8
  2979 | D:3      | Identified the +4 long sword of Expedience {freeze, Str+4
                  | Int+3 SInv}
  3536 | D:4      | Reached skill level 5 in Fighting
  4089 | D:4      | Noticed Pargi
  4098 | D:4      | Killed Pargi
  4099 | D:4      | Reached XP level 7. HP: 54/56 MP: 10/10
  4217 | D:4      | Found a staircase to the Ecumenical Temple.
  4228 | Temple   | Entered the Ecumenical Temple
  4271 | Temple   | Became a worshipper of Gozag Ym Sagoz the Greedy
  4670 | D:5      | Entered Level 5 of the Dungeon
  4726 | D:5      | Noticed Edmund
  4732 | D:5      | Killed Edmund
  4829 | D:5      | Reached XP level 8. HP: 58/63 MP: 12/12
  5874 | D:6      | Reached XP level 9. HP: 69/69 MP: 14/14
  6884 | D:8      | Reached skill level 5 in Invocations
  7386 | D:8      | Reached XP level 10. HP: 75/77 MP: 17/17
  7433 | D:8      | Found Ceghuc's Antique Armour Boutique.
  7439 | D:8      | Bought a pair of boots for 148 gold pieces
  7439 | D:8      | Bought a glowing cloak for 247 gold pieces
  7449 | D:8      | Bought a helmet for 148 gold pieces
  7935 | D:9      | Noticed a two-headed ogre
  7953 | D:9      | Killed a two-headed ogre
  7954 | D:9      | Reached skill level 5 in Short Blades
  7954 | D:9      | Reached skill level 10 in Long Blades
  7954 | D:9      | Reached skill level 5 in Axes
  7954 | D:9      | Reached skill level 5 in Maces & Flails
  7954 | D:9      | Reached skill level 5 in Polearms
  7954 | D:9      | Reached skill level 5 in Staves
  7954 | D:9      | Reached skill level 5 in Slings
  7954 | D:9      | Reached skill level 5 in Bows
  7954 | D:9      | Reached skill level 5 in Crossbows
  7954 | D:9      | Reached skill level 5 in Throwing
  7954 | D:9      | Reached skill level 10 in Armour
  7954 | D:9      | Reached skill level 5 in Dodging
  7954 | D:9      | Reached skill level 5 in Stealth
  7954 | D:9      | Reached skill level 5 in Shields
  7954 | D:9      | Reached skill level 5 in Unarmed Combat
  7954 | D:9      | Reached skill level 5 in Spellcasting
  7954 | D:9      | Reached skill level 5 in Evocations
  8703 | D:9      | Found a staircase to the Lair.
  9022 | D:10     | Entered Level 10 of the Dungeon
  9314 | D:10     | Noticed a seven-headed hydra
 10205 | D:10     | Found a basalt altar of Yredelemnul.
 10258 | D:10     | Reached XP level 11. HP: 81/84 MP: 19/19
 10286 | D:10     | Identified a scroll of acquirement
 10286 | D:10     | Acquired 853 gold pieces
 10291 | D:10     | Learned a level 1 spell: Apportation
 10293 | D:10     | Learned a level 1 spell: Sandblast
 10638 | D:10     | Reached skill level 5 in Conjurations
 10638 | D:10     | Reached skill level 5 in Hexes
 10638 | D:10     | Reached skill level 5 in Summonings
 10638 | D:10     | Reached skill level 5 in Necromancy
 10638 | D:10     | Reached skill level 5 in Translocations
 10638 | D:10     | Reached skill level 5 in Transmutations
 10638 | D:10     | Reached skill level 5 in Fire Magic
 10638 | D:10     | Reached skill level 5 in Ice Magic
 10638 | D:10     | Reached skill level 5 in Air Magic
 10638 | D:10     | Reached skill level 5 in Earth Magic
 10638 | D:10     | Reached skill level 5 in Poison Magic
 10949 | D:11     | Identified the +8 war axe "Ympagh" {venom, rC+ Stlth+}
 10964 | D:11     | Noticed a five-headed hydra
 11051 | D:11     | Bought 2 ruby potions for 54 gold pieces
 11051 | D:11     | Bought a scroll labelled CIUMILOZYKH for 30 gold pieces
 11051 | D:11     | Bought a scroll of teleportation for 90 gold pieces
 11051 | D:11     | Bought a brightly glowing brass ring for 150 gold pieces
 11051 | D:11     | Identified the ring "Reemuseu" {+Blink Fly Dex+3} (You
                  | bought it in a shop on level 11 of the Dungeon)
 11051 | D:11     | Bought a scroll labelled VUOSTR ZIXIPO for 30 gold pieces
 11051 | D:11     | Bought a murky green potion for 27 gold pieces
 11289 | Lair:1   | Entered Level 1 of the Lair of Beasts
 12356 | D:10     | Killed a one-headed hydra
 12805 | D:11     | Killed a one-headed hydra
 13266 | D:11     | Found a hide-covered altar of Uskayaw.
 13300 | D:11     | Noticed Sonja
 13312 | D:11     | Killed Sonja
 14363 | Lair:2   | Reached XP level 12. HP: 62/94 MP: 13/22
 14376 | Lair:1   | Slain by a black mamba

Illustrated notes

Levels and vault maps discovered:
D:1:      amcnicky_arrival_abandoned_market, layout_loops_ring
D:2:      cheibrodos_fertilizer, layout_loops_ring,
          shapermc_ecumenical_altar_pompeii, kennysheep_big_empty_room,
          small_statue_intersection
D:3:      layout_loops_corners, serial_rivers, chequers_serial_rivers_micro_a,
          chequers_serial_rivers_large_a, chequers_serial_rivers_micro_b,
          chequers_serial_rivers_large_b, chequers_serial_rivers_micro_e,
          chequers_serial_rivers_micro_e, wad_floor_pattern_untrapped
D:4:      layout_gridville, minmay_temple_entry_grid,
          hangedman_decor_clover_reticule, uniq_pargi
D:5:      layout_basic, guppyfry_early_lair_pool, uniq_edmund
D:6:      layout_basic
D:7:      layout_loops_cross
D:8:      layout_loops_cross, serial_shops, shop_statue
D:9:      layout_loops_cross, lair_entry_dummy, solitary_fountain, minmay_holes
D:10:     layout_long_grid, mainiacjoe_overflow_tiny_flanked,
          nicolae_underground_beach
D:11:     layout_basic, nicolae_uskayaw_dance_studio, uniq_sonja
Temple:   mainiacjoe_temple_archimedes_tessellation
Lair:1:   layout_chaotic_city
Lair:2:   layout_cave_shapes, shoals_dummy_entry,
          nicolae_spider_entry_non_spiders, grunt_megastairs_2

Skill      XL: |  1  2  3  4  5  6  7  8  9 10 11 |
---------------+----------------------------------+-----
Invocations    | 1 2 3 4 5 6 7 |  7.5
Short Blades   | 1 2 3 4 5 6 |  6.8
Axes           | 1 2 3 4 5 6 |  6.8
Maces & Flails | 1 2 3 4 5 6 |  6.8
Polearms       | 1 2 3 4 5 6 |  6.8
Staves         | 1 2 3 4 5 6 |  6.8
Slings         | 1 2 3 4 5 6 |  6.8
Bows           | 1 2 3 4 5 6 |  6.8
Crossbows      | 1 2 3 4 5 6 |  6.8
Throwing       | 1 2 3 4 5 6 |  6.8
Dodging        | 1 2 3 4 5 6 |  6.8
Stealth        | 1 2 3 4 5 6 |  6.8
Shields        | 1 2 3 4 5 6 |  6.8
Unarmed Combat | 1 2 3 4 5 6 |  6.8
Spellcasting   | 1 2 3 4 5 6 |  6.8
Evocations     | 1 2 3 4 5 6 |  6.8
Conjurations   | 1 2 3 4 5 |  5.6
Hexes          | 1 2 3 4 5 |  5.6
Summonings     | 1 2 3 4 5 |  5.6
Necromancy     | 1 2 3 4 5 |  5.6
Translocations | 1 2 3 4 5 |  5.6
Transmutations | 1 2 3 4 5 |  5.6
Fire Magic     | 1 2 3 4 5 |  5.6
Ice Magic      | 1 2 3 4 5 |  5.6
Air Magic      | 1 2 3 4 5 |  5.6
Earth Magic    | 1 2 3 4 5 |  5.6
Poison Magic   | 1 2 3 4 5 |  5.6
Fighting       | 5 6 7 8 |  8.3
Long Blades    | 9 10 | 10.9
Armour         | 9 10 | 10.9

Action                   |  1- 3 |  4- 6 |  7- 9 | 10-12 || total
-------------------------+-------+-------+-------+-------++-------
Melee: Falchion          |   117 |    16 |       |       ||   133
       Bite              |    12 |     9 |    13 |    28 ||    62
       War axe           |       |    74 |   112 |   186 ||   372
       Punch             |       |       |     6 |    13 ||    19
       Dire flail        |       |       |       |    12 ||    12
       Scimitar          |       |       |       |    20 ||    20
Throw: Dart              |       |     9 |       |    11 ||    20
 Cast: Sandblast         |       |       |       |     2 ||     2
Invok: Call Merchant     |       |       |       |     1 ||     1
Evoke: Wand              |       |       |       |     1 ||     1
  Use: Scroll            |       |     1 |       |    12 ||    13
 Stab: Distracted        |       |       |     1 |     8 ||     9
       Sleeping          |       |       |       |     3 ||     3
Armor: Scale mail        |    66 |    35 |    50 |   160 ||   311
Dodge: Dodged            |    38 |    49 |    51 |   168 ||   306
